 Dungeon Crawl Stone Soup version 0.30-a0-166-g5d06c95188 (webtiles) character file.

Game seed: 15872030099607189128

193 qw the Chopper (level 5, -1/32 HPs)
             Began as a Gargoyle Fighter on Sept 29, 2022.
             Slain by a steam dragon (4 damage)
             ... on level 5 of the Dungeon.
             The game lasted 00:00:42 (2167 turns).

qw the Chopper (Gargoyle Fighter)                   Turns: 2167, Time: 00:00:43

Health: -1/32      AC: 13    Str: 22    XL:     5   Next: 72%
Magic:  5/5        EV:  7    Int:  8    God:
Gold:   75         SH:  4    Dex:  9    Spells: 4/4 levels left

rFire   . . .      SeeInvis .    Y - +1 war axe
rCold   . . .      Faith    .    c - +0 buckler
rNeg    + + .      Spirit   .    h - +0 chain mail
rPois   inf        Reflect  .    (no helmet)
rElec   +          Harm     .    (no cloak)
rCorr   .          Rampage  .    (no gloves)
Will    .....                    (no boots)
Stlth   ..........               (no amulet)
HPRegen 0.10/turn                j - ring of positive energy
MPRegen 0.09/turn                (no ring)

@: about to teleport
A: sickness immunity, AC +4, negative energy resistance 1, electricity
resistance, torment resistance 1, petrification resistance
a: no special abilities


You were on level 5 of the Dungeon.
You visited 1 branch of the dungeon, and saw 4 of its levels.

You collected 75 gold pieces.


Innate Abilities, Weirdness & Mutations

You are immune to sickness and miasma.
Your stone body is resilient. (AC +4)
You are immune to poison.
You resist negative energy. (rN+)
You are resistant to electric shocks. (rElec)
You are resistant to unholy torment.
You are immune to petrification.


   Skills:
 + Level 3.2 Fighting
 - Level 5.2 Axes
 - Level 3.2 Armour
 - Level 3.2 Shields


You had 4 spell levels left.
You didn't know any spells.
Your spell library was empty.

Inventory:

Hand Weapons
 f - a +0 flail
 Y - a +1 war axe (weapon)
Missiles
 g - a boomerang (quivered)
Armour
 c - a +0 buckler (worn)
 h - a +0 chain mail (worn)
Jewellery
 j - a ring of positive energy (left hand)
 n - an amulet of faith
 p - a +6 ring of intelligence
Scrolls
 a - a scroll of teleportation
 e - a scroll of torment {unknown}
 k - 2 scrolls of identify
Potions
 b - a potion of degeneration {unknown}
 d - a potion of might
 i - a potion of resistance
 l - a potion of mutation {unknown}
 m - a potion of lignification {unknown}
 o - a potion of curing

Dungeon Overview and Level Annotations

Branches:
Dungeon (3/15)

Altars:
Cheibriados

Shops:
D:1 =


Message History

The water moccasin is heavily wounded.
The water moccasin bites you but does no damage.
The water moccasin bites you.
You slash the water moccasin!
You kill the water moccasin!
Your Axes skill increases to level 5!
You have reached level 5!
You start resting.
HP restored.
You see here a water moccasin corpse.
o - a potion of curing You now have 75 gold pieces (gained 8).
p - a +6 ring of intelligence A steam dragon comes into view.
The steam dragon hisses angrily.
2158 ||| Stepping ~*~*~tactically~*~*~ (hiding).
You start waiting.
A steam dragon is nearby!
The steam dragon breathes steam at you. The ball of steam hits you!
You barely miss the steam dragon.
You are engulfed in a cloud of scalding steam.
The steam dragon bites you but does no damage.
The steam dragon claws you but does no damage.
You hit the steam dragon.
The steam dragon is lightly wounded.
You are engulfed in a cloud of scalding steam.
The steam dragon closely misses you.
The steam dragon claws you but does no damage.
You slash the steam dragon!
The steam dragon is heavily wounded.
You block the steam dragon's attack. The steam dragon barely misses you.
A jelly comes into view.
The steam dragon bites you.
The steam dragon claws you but does no damage.
2167 ||| READING 2 scrolls of teleportation.
As you read the scroll of teleportation, it crumbles to dust.
You feel strangely unstable.
You are engulfed in a cloud of scalding steam.
The steam dragon bites you.
You die...

######### .# ........#
J# #
#######.#########.#.# #
#.....................
####.............##..##
........#..............
#######.#..##....###.
#.#..##.##.#
#.##.##.##@###.
..##.......D......
####.##%##....?..#
#..............
####.#######..# #.# .#
#.# # ##'########
#.........#


You could see a steam dragon and a jelly.

Vanquished Creatures
  A water moccasin (D:5)
  An orc priest (D:3)
  An adder (D:3)
  A dart slug (D:3)
  3 orcs (D:3)
  3 ball pythons (D:1)
  3 bats (D:1)
  3 endoplasms
  2 giant cockroaches
  6 goblins
  A hobgoblin (D:1)
  8 jackals (D:2)
  4 kobolds (D:1)
  3 frilled lizards (D:1)
  6 rats
46 creatures vanquished.

Notes
Turn   | Place    | Note
-------+----------+-------------------------------------------
     0 | D:1      | qw the Gargoyle Fighter began the quest for the Orb.
     0 | D:1      | Reached XP level 1. HP: 14/14 MP: 1/1
     0 | D:1      | 0 ||| qw: Version: 0.2-a-12-gaebbb33
     0 | D:1      | 0 ||| qw: Game counter: 1046
     0 | D:1      | 0 ||| qw: Always use a shield: true
     0 | D:1      | 0 ||| qw: God list: Okawaru
     0 | D:1      | 0 ||| qw: Allow faded altars: false
     0 | D:1      | 0 ||| qw: Do Orc after D:15 true
     0 | D:1      | 0 ||| qw: Do second Lair branch before Depths: true
     0 | D:1      | 0 ||| qw: Lair rune preference: random
     0 | D:1      | 0 ||| qw: Plans: Normal, Zot:1-4, God:TSO, Crypt, Tomb,
                  | Pan, Slime:5, Hells, Abyss, Orb
     0 | D:1      | 0 ||| PLANNING D:1-11
   122 | D:1      | Found Cifaqok's Jewellery Shoppe.
   134 | D:1      | Reached skill level 2 in Axes
   295 | D:1      | 295 ||| SHOPLISTING +4 ring of evasion (504 gold, have 22).
   295 | D:1      | 295 ||| SHOPLISTING +4 ring of protection (504 gold, have
                  | 22).
   295 | D:1      | 295 ||| SHOPLISTING +6 ring of strength (504 gold, have
                  | 22).
   295 | D:1      | 295 ||| SHOPLISTING amulet of guardian spirit (420 gold,
                  | have 22).
   295 | D:1      | 295 ||| SHOPLISTING ring of protection from fire (350 gold,
                  | have 22).
   295 | D:1      | 295 ||| SHOPLISTING ring of willpower (350 gold, have 22).
   324 | D:1      | Reached XP level 2. HP: 18/19 MP: 2/2
   393 | D:1      | Found a faded altar of an unknown god.
   528 | D:1      | Reached skill level 3 in Axes
   779 | D:1      | Reached XP level 3. HP: 23/23 MP: 3/3
   971 | D:1      | 971 ||| UPGRADING to ring of positive energy.
   972 | D:1      | 972 ||| READING 2 scrolls labelled MICUNE ZOXEN.
   975 | D:1      | 975 ||| READING scroll labelled IKURUS XYIT.
   976 | D:1      | 976 ||| READING scroll labelled WATOIJE DEWK.
  1077 | D:2      | 1077 ||| Stepping ~*~*~tactically~*~*~ (stealth).
  1151 | D:2      | 1151 ||| DROPPING +2 hand axe of freezing.
  1197 | D:2      | 1197 ||| Stepping ~*~*~tactically~*~*~ (stealth).
  1198 | D:2      | 1198 ||| Stepping ~*~*~tactically~*~*~ (stealth).
  1434 | D:2      | 1434 ||| UPGRADING to +0 chain mail.
  1444 | D:2      | 1444 ||| DROPPING +0 scale mail.
  1445 | D:2      | 1445 ||| READING scroll labelled MUAZEU MIFU.
  1446 | D:2      | 1446 ||| READING scroll labelled WAOMNI PAACKET.
  1447 | D:2      | 1447 ||| READING 2 scrolls of identify.
  1447 | D:2      | 1447 ||| IDENTIFYING smoky blue potion
  1595 | D:3      | 1595 ||| Stepping ~*~*~tactically~*~*~ (stealth).
  1598 | D:3      | 1598 ||| Stepping ~*~*~tactically~*~*~ (hiding).
  1608 | D:3      | Reached skill level 4 in Axes
  1608 | D:3      | Reached XP level 4. HP: 11/28 MP: 4/4
  1788 | D:3      | 1788 ||| DROPPING +0 whip.
  1911 | D:3      | Found a snail-covered altar of Cheibriados.
  1911 | D:3      | You fall into a shaft and drop 2 floors!
  1911 | D:5      | Entered Level 5 of the Dungeon
  1921 | D:5      | Noticed a water moccasin
  1928 | D:5      | Killed a water moccasin
  1929 | D:5      | Reached skill level 5 in Axes
  1929 | D:5      | Reached XP level 5. HP: 12/32 MP: 5/5
  2157 | D:5      | Noticed a steam dragon
  2158 | D:5      | 2158 ||| Stepping ~*~*~tactically~*~*~ (hiding).
  2166 | D:5      | HP: 5/32 [steam dragon (4)]
  2167 | D:5      | 2167 ||| READING 2 scrolls of teleportation.
  2167 | D:5      | Slain by a steam dragon

Levels and vault maps discovered:
D:1:      spicycebolla_green_bress_n_ham_2, layout_basic,
          ebering_ecumenical_altar_hall, serial_shops, nicolae_shop_waterfront
D:2:      layout_rooms, item_on_display_a
D:3:      minmay_goblin_kobold_castle, layout_basic, slow_altar_1,
          marbit_many_paths, dreamdust_princess_bridge, uniq_sigmund
D:5:      layout_basic, serial_shops, nicolae_stop_n_shop_2,
          nicolae_figureground_sparkle

Skill      XL: |  1  2  3  4 |
---------------+-------------+-----
Axes           | 2 3 4 5 |  5.2
Fighting       | |  3.2
Armour         | |  3.2
Shields        | |  3.2

Action                   |  1- 3 |  4- 6 || total
-------------------------+-------+-------++-------
Melee: War axe           |   112 |    14 ||   126
Throw: Boomerang         |    39 |     4 ||    43
  Use: Scroll            |     6 |     1 ||     7
Armor: Scale mail        |    54 |       ||    54
       Chain mail        |     8 |    13 ||    21
Dodge: Dodged            |    43 |     3 ||    46
Block: Buckler           |    23 |     4 ||    27

Table legend:
 A = Non-vault XP
 B = Vault XP
 C = Vault XP percentage of total XP
 D = Non-vault monster count
 E = Vault monster count
 F = Vault count percentage of total count
                 A         B        C        D         E       F
            +---------+---------+-------+---------+---------+-------
      Total |     277 |       0 |   0.0 |      46 |       0 |   0.0
            +---------+---------+-------+---------+---------+-------
        D:1 |      35 |       0 |   0.0 |      23 |       0 |   0.0
        D:2 |      24 |       0 |   0.0 |      13 |       0 |   0.0
        D:3 |      71 |       0 |   0.0 |       9 |       0 |   0.0
        D:5 |     147 |       0 |   0.0 |       1 |       0 |   0.0
            +---------+---------+-------+---------+---------+-------
